Map: White Rabbit LE

Players

HoldTheDoor

  • Race: Protoss Protoss
  • League: Diamond
  • Spawn Location: 1:00

Vaderr - Winner!

  • Race: Terran Terran
  • League: Diamond
  • Spawn Location: 7:00

VOD

Have the link to the VOD?

Description

Time

  • Played on: May 3, 2026, 10:50 a.m.
  • Length: 18:42
Show
View Real Time Build Order
Export as new Build Order

HoldTheDoor Protoss 

Build Orders: 1 Gate Expand 

Get SALT Encoding   

  12  0:00  Probe  
  13  0:13  Probe  
  14  0:17  Pylon  
  14  0:24  Probe  
  15  0:32  Probe  
  15  0:39  Gateway  
  15  0:40  Probe  
  17  0:52  Probe  
  18  1:04  Probe, Pylon  
  19  1:16  Probe  
  20  1:20  Assimilator  
  20  1:29  Nexus  
  21  1:36  Cybernetics Core  
  21  1:38  Probe  
  21  1:45  Assimilator  
  21  1:50  Probe  
  22  1:56  Pylon  
  22  2:02  Probe  
  22  2:05  Adept  
  23  2:15  Warp Gate  
  25  2:16  Probe  
  25  2:21  Shield Battery  
  26  2:28  Probe  
  27  2:33  Robotics Facility  
  27  2:40  Probe  
  28  2:44  Probe  
  28  2:46  Pylon  
  29  2:52  Probe  
  29  2:56  Sentry, Probe  
  33  3:04  Probe  
  34  3:08  Probe  
  35  3:16  Probe  
  36  3:22  Gateway  
  36  3:23  Gateway  
  36  3:25  Immortal  
  36  3:29  Probe x2  
  42  3:40  Shield Battery  
  42  3:41  Probe  
  42  3:45  Probe  
  44  3:52  Robotics Bay  
  44  3:53  Probe  
  45  3:57  Probe  
  46  4:06  Pylon  
  46  4:11  Forge  
  46  4:14  Probe  
  46  4:15  Stargate  
  47  4:18  Pylon  
  47  4:20  Stalker  
  47  4:21  Stalker  
  51  4:25  Probe  
  51  4:26  Probe  
  51  4:30  Assimilator  
  53  4:31  Assimilator  
  53  4:33  Pylon  
  53  4:38  Probe  
  54  4:41  Stargate  
  54  4:47  Photon Cannon  
  54  4:49  Probe  
  54  4:50  Probe  
  54  4:51  Pylon  
  54  4:52  Photon Cannon  
  56  4:56  Shield Battery  
  56  4:57  Pylon  
  56  5:01  Probe  
  56  5:02  Probe  
  62  5:11  Void Ray  
  62  5:13  Twilight Council, Probe  
  63  5:17  Pylon  
  63  5:18  Probe  
  64  5:24  Photon Cannon  
  64  5:25  Probe  
  65  5:34  Pylon  
  65  5:35  Probe  
  66  5:36  Photon Cannon  
  66  5:46  Probe  
  66  5:48  Observer  
  72  5:50  Void Ray  
  76  6:00  Void Ray  
  76  6:03  Fleet Beacon  
  76  6:05  Pylon  
  76  6:06  Blink  
  76  6:22  Photon Cannon  
  76  6:24  Pylon  
  76  6:29  Nexus  
  75  6:35  Stalker x2  
  79  6:47  Tempest  
  83  6:55  Photon Cannon  
  83  6:58  Pylon  
  83  7:02  Probe  
  83  7:04  Stalker  
  83  7:05  Pylon, Stalker  
  83  7:06  Probe  
  89  7:11  Photon Cannon  
  89  7:16  Photon Cannon  
  89  7:20  Shield Battery  
  89  7:23  Pylon  
  89  7:26  Tempest  
  93  7:42  Stalker  
  93  7:43  Stalker x2  
  99  7:49  Gateway  
  99  7:51  Tempest  
  99  7:54  Probe x2  
  105  8:06  Photon Cannon  
  105  8:09  Pylon  
  105  8:14  Photon Cannon  
  105  8:20  Photon Cannon  
  105  8:22  Photon Cannon  
  105  8:24  Pylon  
  105  8:27  Shield Battery x2  
  105  8:29  Photon Cannon  
  105  8:32  Assimilator  
  106  8:34  Probe, Assimilator  
  106  8:35  Probe  
  106  8:36  Probe  
  108  8:44  Tempest  
  112  8:50  Tempest  
  116  8:56  Protoss Ground Weapons Level 1  
  116  9:03  Stalker x2  
  116  9:06  Sentry x2  
  124  9:13  Probe  
  124  9:14  Probe  
  126  9:29  Photon Cannon  
  126  9:33  Photon Cannon  
  126  9:34  Photon Cannon, Pylon  
  126  9:35  Stalker x2  
  126  9:36  Stalker  
  132  9:42  Tempest  
  136  9:50  Phoenix  
  138  10:05  Stalker  
  138  10:07  Stalker x3  
  146  10:18  Gateway  
  146  10:21  Gateway  
  146  10:24  Unknown  
  143  10:41  Pylon  
  71  11:24  Tempest x2  
  79  11:31  Stalker x3  
  79  11:32  Stalker x3  
  87  11:44  Nexus  
  87  11:45  Pylon  
  87  11:47  Pylon  
  87  11:49  Assimilator, Probe x2  
  87  11:53  Assimilator  
  89  11:55  Pylon  
  89  11:56  Photon Cannon  
  89  11:58  Stargate  
  89  11:59  Photon Cannon  
  89  12:00  Stargate  
  89  12:01  Stargate  
  89  12:02  Photon Cannon  
  89  12:03  Pylon, Photon Cannon  
  89  12:04  Pylon  
  89  12:06  Pylon  
  89  12:09  Probe, Photon Cannon  
  89  12:13  Photon Cannon  
  89  12:15  Photon Cannon  
  90  12:17  Shield Battery  
  90  12:23  Probe  
  90  12:24  Shield Battery, Probe  
  90  12:25  Probe  
  93  12:36  Stalker x3  
  99  12:44  Tempest  
  103  12:52  Tempest  
  107  12:58  Templar Archives  
  107  12:59  Observer  
  108  13:07  Tempest  
  108  13:10  Tempest  
  108  13:11  Protoss Ground Armor Level 1  
  116  13:17  Tempest  
  120  13:28  Protoss Air Weapons Level 1  
  120  13:33  Cybernetics Core  
  120  13:36  High Templar x2  
  120  13:37  High Templar x4  
  120  13:41  Archon x2  
  132  13:42  Archon  
  132  13:43  Probe  
  132  13:44  Probe  
  134  14:02  Tempest x3  
  146  14:03  Tempest  
  150  14:10  Tempest  
  150  14:14  Stalker  
  146  14:36  Stalker  
  146  14:37  Stalker x5  
  99  14:56  Gateway  
  99  14:57  Gateway  
  99  15:00  Gateway  
  99  15:01  Gateway  
  99  15:13  Protoss Ground Armor Level 2  
  99  15:29  Immortal  
  99  15:32  High Templar x3  
  99  15:33  High Templar x3  
  115  15:36  Archon  
  115  15:37  Archon  
  115  15:38  Archon  
  115  15:46  Pylon  
  115  15:57  Zealot  
  115  15:59  Zealot x3  
  115  16:00  Pylon  
  115  16:02  Pylon, Charge  
  123  16:07  Pylon  
  123  16:18  Nexus  
  123  16:21  Assimilator  
  123  16:25  Assimilator  
  123  16:27  Pylon  
  123  16:33  Photon Cannon  
  123  16:35  High Templar x2  
  123  16:36  High Templar x3  
  123  16:37  High Templar  
  123  16:39  High Templar, Photon Cannon  
  137  16:40  High Templar  
  137  16:41  High Templar  
  137  16:44  Photon Cannon, Archon  
  137  16:45  Archon x3  
  141  16:48  Photon Cannon  
  140  17:00  Stalker  
  142  17:08  Zealot  
  142  17:09  Zealot x4  
  142  17:10  Zealot  
  154  17:25  Zealot  
  154  17:26  Zealot  
  154  17:27  Zealot x2  
  114  17:57  Zealot  
  114  17:58  Zealot x7  
  102  17:59  Zealot x2  
  114  18:09  Probe  
  111  18:23  Zealot  
  111  18:24  Zealot x3  
  111  18:25  Zealot x6  
Show
View Real Time Build Order
Export as new Build Order

Vaderr Terran - Winner!

Build Orders:  

Get SALT Encoding   

  12  0:00  SCV  
  13  0:12  SCV  
  14  0:17  Supply Depot  
  14  0:27  SCV  
  15  0:34  Refinery  
  15  0:40  Barracks  
  15  0:44  SCV  
  16  0:56  SCV  
  17  0:59  Supply Depot  
  17  1:10  SCV  
  18  1:32  Orbital Command  
  18  1:44  Command Center  
  18  1:54  Factory  
  18  1:57  SCV  
  19  2:06  Bunker  
  19  2:10  SCV  
  19  2:14  Refinery  
  20  2:16  Marine  
  20  2:22  SCV  
  22  2:27  Supply Depot  
  22  2:34  SCV  
  23  2:41  Factory Tech Lab  
  23  2:44  Starport  
  23  2:55  Supply Depot, SCV  
  24  3:01  Marine  
  28  3:10  SCV  
  28  3:11  SCV  
  27  3:13  Siege Tank  
  30  3:29  Fusion Core  
  30  3:31  Orbital Command  
  30  3:33  Refinery  
  30  3:36  Marine  
  31  3:47  Starport Tech Lab  
  31  3:55  SCV  
  32  4:07  SCV  
  33  4:11  SCV  
  34  4:19  SCV, Battlecruiser  
  41  4:25  Refinery  
  41  4:30  Supply Depot  
  41  4:32  SCV  
  41  4:33  SCV  
  41  4:38  Weapon Refit  
  43  4:44  SCV  
  44  4:54  Supply Depot  
  44  4:56  SCV x2  
  44  4:58  Siege Tank  
  49  5:04  Engineering Bay  
  49  5:08  SCV  
  49  5:09  SCV  
  51  5:18  Command Center  
  51  5:28  Engineering Bay  
  51  5:34  SCV x2  
  53  5:46  Battlecruiser, SCV x2  
  61  5:55  Missile Turret  
  61  5:58  SCV  
  62  6:05  Missile Turret  
  62  6:06  Missile Turret  
  62  6:08  Command Center  
  62  6:10  Siege Tank  
  65  6:23  SCV  
  66  6:47  Widow Mine  
  66  6:50  Battlecruiser  
  66  6:53  Barracks Reactor  
  74  6:54  Factory  
  74  7:00  SCV x2  
  76  7:05  Starport  
  76  7:07  Starport  
  76  7:09  Starport  
  76  7:10  Armory  
  76  7:12  SCV x2  
  78  7:16  Armory  
  78  7:38  Missile Turret  
  78  7:46  Missile Turret, SCV x2  
  78  7:49  Command Center, Starport Tech Lab x2  
  78  7:50  Starport Tech Lab  
  82  7:58  SCV, Widow Mine  
  82  7:59  Drilling Claws  
  82  8:04  Terran Vehicle And Ship Armor Level 1, Terran Ship Weapons Level 1  
  83  8:24  Sensor Tower  
  83  8:25  Missile Turret  
  83  8:26  Missile Turret x2  
  83  8:28  Missile Turret  
  83  8:35  Missile Turret  
  83  9:01  Battlecruiser x2  
  95  9:07  Missile Turret  
  95  9:08  Missile Turret  
  95  9:11  Missile Turret x2, Planetary Fortress  
  95  9:14  Hi-Sec Auto Tracking  
  95  9:33  Widow Mine  
  95  9:37  Refinery  
  97  9:42  Refinery  
  97  9:48  Supply Depot x2  
  97  9:52  Supply Depot  
  97  10:03  Terran Vehicle And Ship Armor Level 2  
  97  10:09  Battlecruiser  
  97  10:10  Battlecruiser  
  97  10:11  Terran Ship Weapons Level 2  
  80  11:05  Viking x2  
  78  11:13  Viking  
  77  11:36  Viking x3  
  77  11:38  SCV x2  
  85  11:43  Viking  
  87  11:47  Starport  
  87  11:48  Starport  
  87  11:50  SCV x2, Smart Servos  
  89  12:02  SCV x2, Planetary Fortress  
  91  12:14  SCV x2  
  93  12:18  Refinery  
  93  12:22  Missile Turret x2  
  93  12:23  Viking x2  
  93  12:24  Viking x2  
  93  12:25  Missile Turret  
  93  12:26  SCV x2  
  93  12:27  Viking x2  
  107  12:49  Command Center  
  107  12:53  Barracks Reactor, Viking  
  107  12:55  Refinery  
  109  13:18  Supply Depot  
  109  13:20  Starport Reactor  
  109  13:21  Supply Depot  
  109  13:28  Terran Vehicle And Ship Armor Level 3  
  109  13:40  Battlecruiser  
  115  13:42  SCV x3, Battlecruiser  
  124  13:50  Refinery  
  124  13:54  SCV  
  125  14:00  Viking x4, SCV x2  
  135  14:06  SCV  
  135  14:09  Terran Ship Weapons Level 3  
  136  14:13  SCV  
  136  14:16  Sensor Tower  
  137  14:17  Missile Turret  
  137  14:30  Viking  
  100  14:47  Planetary Fortress  
  96  14:53  Viking x4  
  96  14:54  Viking x3  
  96  14:57  SCV x3  
  113  15:00  Viking  
  115  15:09  SCV x3  
  119  15:21  SCV x2  
  119  15:25  Battlecruiser  
  126  15:30  Hellion  
  126  15:32  Viking x4  
  136  15:42  Supply Depot  
  136  15:44  Supply Depot  
  136  15:45  Supply Depot  
  136  15:49  Marine  
  137  15:51  Hellion  
  145  15:57  Battlecruiser  
  145  15:58  Viking x2  
  149  16:07  Terran Vehicle Weapons Level 1  
  149  16:08  Infernal Pre-Igniter  
  149  16:13  Hellion  
  149  16:14  Viking  
  149  16:15  Viking  
  155  16:24  Missile Turret  
  155  16:26  Missile Turret  
  155  16:27  Missile Turret  
  161  16:32  Battlecruiser  
  161  16:34  Hellion  
  163  16:55  Hellion  
  163  17:01  Battlecruiser  
  171  17:14  Battlecruiser  
  177  17:20  Hellion  
  179  17:40  Command Center  
  179  17:41  Hellion  
  175  17:49  Refinery  
  150  18:02  Hellion  
Tags
 
Add a new tag
Caveats
  • Supply blocks, unpowered buildings, or Contaminate may cause inaccurate times.
  • Supply counts are checked every 10 seconds.